 Dungeon Crawl Stone Soup version 0.31-a0-859-g9dce7d3444 (webtiles) character file.

Game seed: 4768529636991755180

1783201 Flugkiller the Hellbinder (level 27, 208/208 (217) HPs)
             Began as a Djinni Enchanter on Oct 9, 2023.
             Was the Champion of Makhleb.
             Escaped with the Orb
             ... and 3 runes!
             The game lasted 02:09:17 (60770 turns).

Flugkiller the Hellbinder (Djinni Enchanter)       Turns: 60770, Time: 02:09:18

HP:   208/208 (217) AC:  6    Str: 10    XL:     27
Gold: 5612          EV: 26    Int: 39    God:    Makhleb [******] SH:  9 Dex: 17

rFire   + + +        T - staff of conjuration
rCold   + . .        B - orb {guile}
rNeg    . . .        l - +0 robe of Lianiup {rPois rC- Int+4 Archmagi}
rPois   ∞            u - +2 helmet {Int+3}
rElec   .            Z - scarf {rC+ rF+}
rCorr   .            A - +0 pair of gloves of Itithixt {rC+, +Inv rF- Str+3 Int+3}
SInv    .            (boots unavailable)
Will    +++..        U - amulet of Foolhardiness {Reflect Contam Fly Will+++ Regen+ SH+5}
Stlth   ++           c - ring of protection from cold
HPRegen 1.34/turn    R - ring "Refaetia" {rF+ EV+5 Int+3 Dex-2}
MPRegen 0.00/turn

%: reflection, archmagi
@: flying, studying 2 skills, lightly drained
A: sickness immunity, fire resistance 2, cold vulnerability 1, float, innate
caster, HP casting, extra vitality 1, large bone plates 1, screaming 1, sturdy
frame 1
0: Orb of Zot
}: 3/15 runes: barnacled, slimy, gossamer
a: Renounce Religion, Evoke Invisibility, Minor Destruction, Lesser Servant of
Makhleb, Major Destruction, Greater Servant of Makhleb


You escaped.
You worshipped Makhleb.
Makhleb was exalted by your worship.
You visited 10 branches of the dungeon, and saw 51 of its levels.
You visited the Abyss 1 time.
You also visited: Gauntlet.

You collected 8702 gold pieces.
You spent 3090 gold pieces at shops.

Inventory:

Hand Weapons
 s - the +4 rapier "Vuenn" {venom, rElec Int-2 Stlth+, !a}
   (You bought it in a shop on level 1 of the Elven Halls)

   Int-2:     It affects your intelligence (-2).
   rElec:     It insulates you from electricity.
   Stlth+:    It makes you more stealthy.
 N - a +1 vampiric short sword
   (You took it off an orc priest on level 9 of the Dungeon)
 O - the +8 arc blade {discharge, rElec}
   (You acquired it on level 1 of the Vaults)

   rElec:     It insulates you from electricity.
Missiles
 J - 6 curare-tipped darts (quivered)
 Q - 7 throwing nets
Armour
 l - the +0 robe of Lianiup (worn) {rPois rC- Int+4 Archmagi}
   (You found it on level 3 of the Elven Halls)

   Int+4:     It affects your intelligence (+4).
   rC-:       It makes you vulnerable to cold.
   rPois:     It protects you from poison Archmagi: It increases the power of
   your magical spells.
 u - a +2 helmet of intelligence (worn)
   (You found it on level 5 of the Pits of Slime)
 A - the +0 pair of gloves of Itithixt (worn) {rC+, +Inv rF- Str+3 Int+3}
   (You bought it in a shop on level 2 of the Depths)

   Str+3:     It affects your strength (+3).
   Int+3:     It affects your intelligence (+3).
   rF-:       It makes you vulnerable to fire.
   +Inv:      It lets you turn invisible.
 B - an orb of guile (worn)
   (You took it off Jeremiah on level 7 of the Dungeon)
 M - a +0 troll leather armour
   (You found it on level 9 of the Dungeon)
 Z - a scarf of resistance (worn)
   (You found it on level 14 of the Dungeon)
Magical Staves
 T - a staff of conjuration (weapon)
   (You found it on level 2 of the Dungeon)
Jewellery
 c - a ring of protection from cold (left hand)
   (You found it on level 3 of the Lair of Beasts)
 i - a ring of see invisible
   (You took it off a frost giant on level 3 of the Vaults)
 m - a ring of willpower
   (You found it on level 4 of the Depths)
 p - a +4 ring of protection
   (You found it on level 2 of the Dungeon)
 v - a +5 ring of evasion
   (You found it on level 4 of the Depths)
 L - a +6 ring of intelligence
   (You found it on level 3 of the Spider Nest)
 R - the ring "Refaetia" (right hand) {rF+ EV+5 Int+3 Dex-2}
   (You bought it in a shop on level 1 of the Shoals)

   [ring of evasion]

   EV+5:      It affects your evasion (+5).
   Int+3:     It affects your intelligence (+3).
   Dex-2:     It affects your dexterity (-2).
   rF+:       It protects you from fire.
 U - the amulet of Foolhardiness (around neck) {Reflect Contam Fly Will+++ Regen+ SH+5}
   (You found it on level 4 of the Lair of Beasts)

   [amulet of reflection]

   Reflect:   It reflects blocked missile attacks.
   Will+++:   It greatly increases your willpower.
   Fly:       It grants you flight.
   Contam:    It causes magical contamination when unequipped.
   Regen+:    It increases your rate of health regeneration.
   SH+5:      It affects your SH (+5).
Wands
 a - a wand of digging (26)
   (You found it on level 4 of the Dungeon)
 g - a wand of mindburst (5)
   (You found it on level 15 of the Dungeon)
 C - a wand of light (32)
   (You took it off an orc on level 6 of the Dungeon)
 G - a wand of roots (45)
   (You took it off Jeremiah on level 7 of the Dungeon)
 P - a wand of charming (40)
   (You found it on level 11 of the Dungeon)
Scrolls
 e - 14 scrolls of revelation
 j - 5 scrolls of fog
 r - 2 scrolls of enchant armour
 t - 15 scrolls of teleportation
 x - 10 scrolls of immolation
 y - 9 scrolls of vulnerability
 z - 7 scrolls of blinking
 H - 4 scrolls of fear
 K - 12 scrolls of poison
Potions
 b - 5 potions of attraction
 d - 5 potions of might
 h - 7 potions of haste
 k - 4 potions of brilliance
 n - a potion of resistance
 o - 7 potions of enlightenment
 q - 19 potions of curing
 w - 13 potions of heal wounds
 D - 9 potions of ambrosia
 E - 3 potions of cancellation
 F - 5 potions of invisibility
 I - 3 potions of berserk rage
 V - 9 potions of mutation
Miscellaneous
 f - a phial of floods
   (You found it in a Gauntlet)
 S - a phantom mirror
   (You found it on level 11 of the Dungeon)
 W - a sack of spiders
   (You found it on level 13 of the Dungeon)
 X - a tin of tremorstones (2/2)
   (You found it on level 13 of the Dungeon)


   Skills:
 + Level 23.8 Fighting
 - Level 10.0 Short Blades
 - Level 15.0 Dodging
 - Level 12.0 Stealth
 O Level 27 Spellcasting
 O Level 27 Conjurations
 O Level 27 Hexes
 O Level 27 Summonings
 O Level 27 Necromancy
 O Level 27 Translocations
 O Level 27 Transmutations
 O Level 27 Fire Magic
 O Level 27 Ice Magic
 O Level 27 Air Magic
 O Level 27 Earth Magic
 O Level 27 Poison Magic
 - Level 12.0 Invocations


You knew the following spells:

 Your Spells              Type           Power      Damage    Failure   Level
a - Ensorcelled Hibernat  Hex/Ice        100%       N/A       0%          2
b - Confusing Touch       Hex            100%       N/A       0%          3
c - Tukima's Dance        Hex            100%       N/A       0%          3
d - Dazzling Flash        Conj/Hex       100%       N/A       0%          3
e - Freeze                Ice            100%       1d10      0%          1
f - Momentum Strike       Conj/Tloc      100%       3d10      0%          2
g - Sigil of Binding      Hex            100%       N/A       0%          3
h - Animate Dead          Necr           100%       N/A       0%          4
i - Sticky Flame          Conj/Fire      100%       2d11      0%          4
j - Arcjolt               Conj/Air       92%        1d102     0%          5
k - Eringya's Noxious Bo  Tmut/Pois      78%        4d6       0%          6
l - Ozocubu's Refrigerat  Ice            78%        4d24      0%          7
m - Simulacrum            Ice/Necr       78%        N/A       0%          6
n - Malign Gateway        Summ/Tloc      78%        N/A       0%          7
o - Maxwell's Capacitive  Air            78%        ∞         1%          8
p - Dragon's Call         Summ           78%        N/A       1%          9
q - Chain Lightning       Conj/Air       92%        3d122     1%          9
Your spell library was empty.

Dungeon Overview and Level Annotations

Branches:
Dungeon (15/15)            Temple (0/1) D:5            Lair (5/5) D:8
 Shoals (4/4) Lair:3       Spider (4/4) Lair:3        Slime (5/5) Lair:5
    Orc (2/2) D:12            Elf (3/3) Orc:2        Vaults (4/5) D:14
  Crypt (0/3) Vaults:3     Depths (4/4) D:15            Zot (5/5) Depths:4
Gauntlet (visited)

Altars:
Cheibriados
Elyvilon
Gozag
Makhleb
Nemelex Xobeh
Ru
Trog
Uskayaw
Wu Jian
Xom
The Shining One
Jiyva

Shops:
D:5 :   Orc:2 !*(!   Elf:1 ((*   Elf:2 (   Elf:3 [   Shoals:1 *![*   Vaults:1 [
Vaults:4 :   Depths:2 *

Portals:
Hell: Depths:1 Depths:2 Depths:3 Depths:4
Abyss: Depths:3
Pandemonium: Depths:1 Depths:2
Ziggurat: Depths:3

Annotations:
D:9 1 runed translucent door, psellion's ghost, journeyman FoMo
Lair:2 1 runed translucent door, Pi314's ghost, journeyman DrVM
Elf:2 3 runed translucent doors
Depths:3 1 runed translucent door, Syrassil's ghost, adept DrGl
Zot:2 2 transporters, Sofait's ghost, legendary GnFE


Innate Abilities, Weirdness & Mutations

You are immune to sickness and miasma.
You are immune to poison.
Your flesh is very heat resistant. (rF++)
You are vulnerable to cold. (rC-)
You float through the air rather than walking.
You learn spells naturally, not from books.
Your magical power is your life essence.
You have superior vitality. (+4 MHP)
You are partially covered in large bone plates. (SH +4)
You occasionally shout uncontrollably at your foes.
Your movements are slightly less encumbered by armour. (ER -2)


Message History

You feel better. The bolt of lightning hits you!
The bolt of lightning hits the cherub!!!!
The cherub resists.
You kill the cherub!
Makhleb accepts your kill.
You feel better.
Unknown command.
An ice devil comes into view.
The golden eye is sucked into a shaft!
The shaft crumbles and collapses.
The ice devil moves out of view.
There is a stone staircase leading up here.
You fly upwards.
There is a stone staircase leading down here.
HP restored.
Things that are here:
2 poisoned darts; a +0 short sword
Items here: ( )) [.
There is a stone staircase leading up here.
There is a stone staircase leading up here.
You fly upwards.
There is a stone staircase leading down here.
There is an open door here.
An Orb Guardian comes into view.
There is a stone staircase leading up here.
You fly upwards.
There is a stone staircase leading down here.
There is a stone staircase leading up here.
You fly upwards.
There is a stone staircase leading down here.
A hell beast comes into view.
The hell beast moves out of view.
There is a stone staircase leading up here.
Things that are here:
a +2 trident of draining; a +2 short sword of venom You fly upwards.
Level annotation: 1 runed translucent door, psellion's ghost, journeyman FoMo
There is a stone staircase leading down here.
There is a stone staircase leading up here.
You fly upwards.
There is a stone staircase leading down here.
There is a stone staircase leading up here.
You fly upwards.
There is a stone staircase leading down here.
Items here: ( ))) [[.
An Orb Guardian comes into view.
You yell at the Orb Guardian!
There is a stone staircase leading up here.
Casting: Chain Lightning (mildly dangerous; 1% risk of failure)
Confirm with . or Enter, or press ? or * to list all spells.
You feel a strong surge of power! Lightning arcs from your hands!
The bolt of lightning hits the Orb Guardian!!!!!
You kill the Orb Guardian!
Makhleb accepts your kill.
You feel better. The bolt of lightning hits you!
You fly upwards.
There is a stone staircase leading down here.
A jelly comes into view.
Casting: Chain Lightning (mildly dangerous; 1% risk of failure)
Confirm with . or Enter, or press ? or * to list all spells.
You feel a strong surge of power! Lightning arcs from your hands!
The bolt of lightning hits the jelly!!!!!
You kill the jelly!
Makhleb accepts your kill.
HP restored.
A smoke demon comes into view.
Casting: Chain Lightning (mildly dangerous; 1% risk of failure)
Confirm with . or Enter, or press ? or * to list all spells.
You feel a strong surge of power! Lightning arcs from your hands!
The bolt of lightning hits the smoke demon!!!!
You kill the smoke demon!
Makhleb accepts your kill.
You feel better. The bolt of lightning hits you!
There is an open door here.
There is a stone staircase leading up here.
You fly upwards.
There is a stone staircase leading down here.
A green death comes into view.
Casting: Chain Lightning (mildly dangerous; 1% risk of failure)
Confirm with . or Enter, or press ? or * to list all spells.
You feel a strong surge of power! Lightning arcs from your hands!
The bolt of lightning hits the green death!!!!
You kill the green death!
Makhleb accepts your kill.
You feel better.
There is an open door here.
There is a stone staircase leading up here.
You fly upwards.
There is a stone staircase leading down here.
There is a stone staircase leading up here.
You fly upwards.
There is a stone staircase leading down here.
There is a stone staircase leading up here.
You fly upwards.
There is a stone staircase leading down here.
There is a stone staircase leading up here.
You fly upwards.
There is a stone staircase leading down here.
There is a staircase leading out of the dungeon here.
Enter note: gg You have escaped!

#.. #.. #.. #.. ######## #####
#.. .##....# #...# #..
.#.....#####.>.#### #######..
.#................# #.....#..
.#....##........@.# #.....#..
....#.............#### #.....#..
.##################..####........
.# #........####............# .#
#...........######.....#.. .#
######.#.##....###..†..#..
.###### #.##...#####...#.......#
..#...## P..#.#.##............#.#
.......##P..#.#...#####.#####...#


There were no monsters in sight!

Vanquished Creatures
  the Royal Jelly (Slime:5)
  4 ancient liches (Zot:5)
  8 orbs of fire
  A juggernaut (Depths:3)
  3 Killer Klowns (Zot:5)
  5 caustic shrikes (Depths:4)
  2 curse toes
  8 golden dragons
  Norris (Depths:1)
  Arachne (Spider:3)
  A Brimstone Fiend (Zot:2)
  A Tzitzimitl (D:15)
  6 electric golems
  20 tentacled monstrosities
  Mlioglotl (Shoals:3)
  25 Orb Guardians
  A quicksilver dragon (shapeshifter) (Depths:3)
  2 liches
  6 quicksilver dragons
  A walking frostbound tome (Depths:3)
  3 deep elf master archers (Elf:3)
  A titan (Depths:2)
  2 walking earthen tomes
  2 deep elf blademasters (Elf:3)
  16 acid blobs
  6 sphinxes
  5 death cobs
  8 shadow dragons
  6 krakens
  3 tengu reavers
  15 rockslimes
  9 draconian monks
  13 storm dragons
  2 draconian knights (Zot:3)
  Aizul (Spider:4)
  11 vault wardens
  7 fire giants
  5 deep elf sorcerers
  6 azure jellies
  A daeva (Depths:3)
  An emperor scorpion (Spider:2)
  A balrug (Depths:3)
  7 draconian scorchers
  2 deep elf elementalists (Elf:3)
  5 ghost moths
  Louise (Depths:3)
  6 draconian shifters
  3 draconian stormcallers
  6 frost giants
  2 orc warlords
  A war gargoyle (Zot:3)
  An angel (Depths:3)
  15 ironbound preservers
  23 very ugly things
  7 quicksilver oozes
  5 formless jellyfish
  9 ironbound thunderhulks
  20 stone giants
  2 draconian annihilators
  10 green draconians
  A vampire knight (Depths:4)
  Nessos (Orc:2)
  5 deep elf demonologists
  9 purple draconians
  12 yellow draconians
  8 dire elephants
  7 white draconians
  21 black draconians
  6 deep elf annihilators (Elf:3)
  10 spark wasps
  2 minotaurs
  7 red draconians
  2 merfolk javelineers
  15 ettins
  10 merfolk impalers
  2 green deaths
  6 deep elf death magi
  Josephine (Orc:1)
  15 fire dragons
  A deep elf high priest (Elf:3)
  3 entropy weavers
  7 yaktaur captains
  Harold (D:11)
  An entropy weaver (shapeshifter) (Elf:3)
  3 rakshasas
  15 great orbs of eyes
  12 vault guards
  8 hydras
  7 ice dragons
  A caustic shrike simulacrum (D:14)
  A catoblepas (Lair:5)
  2 jorogumos
  2 peacekeepers (Vaults:3)
  4 ogre magi
  A spriggan air mage (Depths:3)
  2 merfolk aquamancers
  2 merfolk avatars (Shoals:4)
  2 radroaches
  An alligator snapping turtle (Shoals:3)
  10 boulder beetles
  8 ironbound frosthearts
  2 death knights
  3 deep troll shamans
  11 two-headed ogres
  A sphinx skeleton (Depths:1)
  25 centaur warriors
  11 satyrs
  4 tengu warriors
  13 dancing weapons
  6 deep troll earth magi (Depths:1)
  2 vampire magi
  6 death yaks
  4 orc high priests
  10 spriggan berserkers
  2 shock serpents (Zot:3)
  11 demonic crawlers
  8 hell knights (Depths:1)
  A sun demon (Depths:1)
  11 deep elf knights
  A fire crab (D:13)
  Amaemon (Lair:2)
  3 soul eaters
  2 sun moths
  16 skysharks
  5 iron trolls
  3 sea snakes (Shoals:3)
  A cherub (D:14)
  6 skeletal warriors
  4 sixfirhies (Zot:3)
  A glowing orange brain (Depths:1)
  3 flayed ghosts
  5 pharaoh ants
  7 wizards
  An obsidian statue (Zot:5)
  5 phantasmal warriors
  5 orb spiders
  3 shadow demons
  22 deep elf zephyrmancers
  25 ironbound convokers
  12 deep elf archers
  40 deep trolls
  4 necromancers
  12 lindwurms
  49 harpies
  A harpy (shapeshifter) (Elf:3)
  19 orc knights
  2 steelbarb worms
  48 ugly things
  5 cyclopes
  26 deep elf pyromancers
  14 wolf spiders
  5 orc sorcerers
  27 fauns
  25 moths of wrath
  3 shining eyes
  18 manticores
  6 merfolk sirens
  2 orange demons
  8 elephants
  2 apocalypse crabs (Shoals:1)
  11 vault sentinels
  5 black mambas
  A black mamba (shapeshifter) (D:13)
  5 water nymphs
  4 rust devils (Depths:1)
  2 naga magi (D:15)
  3 eyes of devastation (Slime:5)
  3 gargoyles
  A frost giant skeleton (Depths:1)
  9 torpor snails
  3 smoke demons
  7 cane toads
  A hellion (Gauntlet)
  33 yaktaurs
  Maggie (Lair:1)
  An ice devil (D:14)
  3 kobold demonologists (D:13)
  3 rime drakes
  2 tormentors
  6 centaur skeletons
  An unseen horror (D:11)
  4 tengu conjurers
  A rime drake (shapeshifter) (D:13)
  6 komodo dragons
  A red devil (Depths:1)
  A freezing wraith (D:14)
  25 merfolk
  3 meliai (Spider:2)
  10 trolls
  25 tarantellas
  4 wind drakes
  A wind drake (shapeshifter) (Elf:2)
  A tyrant leech (Lair:4)
  A wolf spider simulacrum (D:15)
  11 hornets
  23 blink frogs
  5 snapping turtles
  A hellwing (Depths:1)
  8 polar bears
  Grinder (D:6)
  6 dream sheep
  2 raiju (Zot:3)
  A flying skull (Vaults:3)
  A meliai zombie (D:15)
  21 jumping spiders
  98 slime creatures
  A slime creature (shapeshifter) (Vaults:3)
  A spriggan (shapeshifter) (D:13)
  3 air elementals
  A culicivora (shapeshifter) (D:13)
  3 shadows
  15 culicivoras
  22 spriggans
  A ynoxinul (Depths:1)
  12 water elementals
  5 wyverns
  12 wraiths
  A dire elephant simulacrum (D:14)
  2 fire elementals
  6 basilisks
  28 yaks
  4 golden eyes
  12 vampire mosquitoes
  2 steam dragons
  2 minotaur simulacra (D:14)
  3 chaos spawn
  42 redbacks
  A harpy simulacrum (D:14)
  2 swamp worms (Lair:4)
  A warg (Orc:2)
  2 acid dragons (D:9)
  9 water moccasins
  A floating eye (Depths:4)
  A glowing shapeshifter skeleton (Depths:1)
  2 hell hounds (Gauntlet)
  A swamp drake (D:8)
  A human skeleton (Depths:1)
  An ice beast (D:7)
  30 orc warriors
  A sky beast (D:7)
  6 black bears
  An ettin simulacrum (D:14)
  19 ogres
  11 boggarts
  49 wolves
  16 centaurs
  A phantom (D:6)
  6 kobold brigands
  7 bullfrogs
  7 gnoll sergeants
  2 deep troll simulacra (D:14)
  An earth elemental (Elf:1)
  2 entropy weaver simulacra (D:14)
  3 scorpions
  7 wights
  10 killer bees
  A lindwurm simulacrum (D:14)
  9 howler monkeys
  A vampire bat (Lair:5)
  4 electric eels
  A crimson imp (Spider:4)
  5 hounds
  31 orc priests
  5 sleepcaps
  18 jellies
  4 iguanas
  5 lightning spires (Zot:3)
  27 orc wizards
  25 gnolls
  12 adders
  6 river rats (D:5)
  3 white imps
  3 ufetubi
  2 dart slugs
  69 orcs
  16 bats
  11 endoplasms
  2 giant cockroaches
  11 goblins
  8 hobgoblins
  15 kobolds
  7 quokkas
  6 ball pythons
  2 frilled lizards (D:2)
  19 rats
  13 tentacles
2245 creatures vanquished.

Vanquished Creatures (collateral kills)
  2 juggernauts
  A Killer Klown (Zot:5)
  3 doom hounds (Depths:2)
  2 tentacled monstrosities (Depths:3)
  Grunn (Depths:2)
  A lich (Vaults:1)
  3 Orb Guardians (Zot:5)
  A walking frostbound tome (Depths:3)
  A sphinx (Depths:3)
  An ancient champion (Depths:2)
  2 tengu reavers
  2 storm dragons (Depths:3)
  A fire giant (Depths:3)
  An iron dragon (Depths:3)
  2 frost giants
  3 ghost moths (Spider:4)
  A quicksilver ooze (shapeshifter) (Depths:2)
  2 spriggan defenders (Depths:2)
  2 broodmothers (Spider:4)
  A green draconian (Zot:5)
  A yellow draconian (Zot:5)
  2 vampire knights (Depths:3)
  A red draconian (Zot:5)
  A white draconian (Zot:5)
  A crystal guardian (Vaults:3)
  A peacekeeper (Vaults:3)
  A fire dragon (Depths:3)
  An ice dragon (Depths:2)
  3 radroaches
  A deep troll shaman (Depths:2)
  A tengu warrior (Depths:1)
  A two-headed ogre (D:9)
  2 spriggan berserkers (Depths:2)
  2 iron trolls
  A salamander mystic (Depths:2)
  A skeletal warrior (Depths:2)
  2 deep trolls
  A wizard (Depths:2)
  3 flayed ghosts (Depths:3)
  4 wolf spiders (Spider:4)
  2 ugly things
  3 salamanders (Depths:2)
  An ice statue (D:14)
  4 yaktaurs (Vaults:3)
  Jeremiah (D:7)
  A komodo dragon (Lair:2)
  A freezing wraith (D:9)
  4 hornets
  5 tarantellas (Spider:4)
  7 jumping spiders (Spider:4)
  4 culicivoras (Spider:4)
  3 spriggans
  A wraith (D:9)
  7 redbacks
  An earth elemental (Elf:1)
  An orc (D:8)
110 creatures vanquished.

Vanquished Creatures (others)
  4 eldritch tentacles
  A draconian shifter (Zot:3)
  A yaktaur (Vaults:3)
  A dancing weapon (D:9)
  A scorpion (D:6)
  An orc priest (D:9)
  2 orcs
  5 ball lightnings (Zot:3)
  11 tentacles
27 creatures vanquished.

Grand Total: 2382 creatures vanquished

Notes
Turn   | Place    | Note
-------+----------+-------------------------------------------
     0 | D:1      | Flugkiller the Djinni Enchanter began the quest for the
                  | Orb.
     0 | D:1      | Flugkiller set off with the following spells memorised:
                  | Ensorcelled Hibernation, Confusing Touch, Tukima's Dance,
                  | Dazzling Flash.
     0 | D:1      | Reached XP level 1. HP: 15/15 MP: 0/0
   149 | D:1      | Reached skill level 1 in Short Blades
   222 | D:1      | Reached XP level 2. HP: 21/21 MP: 0/0
   324 | D:1      | Found a faded altar of an unknown god.
   548 | D:1      | Reached XP level 3. HP: 26/26 MP: 0/0
   548 | D:1      | Learned a level 1 spell: Freeze
   781 | D:2      | Reached skill level 1 in Fighting
   850 | D:2      | Found a burning altar of Makhleb.
   963 | D:2      | Became a worshipper of Makhleb the Destroyer
  1099 | D:2      | Reached XP level 4. HP: 30/32 MP: 0/0
  1766 | D:3      | Reached XP level 5. HP: 29/37 MP: 0/0
  1766 | D:3      | Learned a level 2 spell: Momentum Strike
  2414 | D:3      | Found an ornate altar of the Wu Jian Council.
  2425 | D:3      | Found an opulent altar of Gozag.
  2709 | D:4      | Noticed an ogre
  2718 | D:4      | Killed an ogre
  2719 | D:4      | Reached XP level 6. HP: 8/42 MP: 0/0
  3003 | D:4      | Reached * piety under Makhleb
  3290 | D:4      | Found the +3 pair of seven-league boots {Rampage+∞}
  3449 | D:3      | Found a white marble altar of Elyvilon.
  3744 | D:4      | Reached XP level 7. HP: 44/48 MP: 0/0
  3744 | D:4      | Learned a level 3 spell: Sigil of Binding
  4082 | D:5      | Entered Level 5 of the Dungeon
  4241 | D:5      | Found Emeherep's Book Shop.
  4257 | D:5      | Found a staircase to the Ecumenical Temple.
  4464 | D:5      | Reached XP level 8. HP: 54/55 MP: 0/0
  4615 | D:5      | Reached ** piety under Makhleb
  4723 | D:5      | Reached skill level 5 in Stealth
  5299 | D:6      | Found a sacrificial altar of Ru.
  5426 | D:6      | Reached skill level 5 in Spellcasting
  5426 | D:6      | Reached skill level 5 in Conjurations
  5426 | D:6      | Reached skill level 5 in Hexes
  5426 | D:6      | Reached skill level 5 in Summonings
  5426 | D:6      | Reached skill level 5 in Necromancy
  5426 | D:6      | Reached skill level 5 in Translocations
  5426 | D:6      | Reached skill level 5 in Transmutations
  5426 | D:6      | Reached skill level 5 in Fire Magic
  5426 | D:6      | Reached skill level 5 in Ice Magic
  5426 | D:6      | Reached skill level 5 in Air Magic
  5426 | D:6      | Reached skill level 5 in Earth Magic
  5426 | D:6      | Reached skill level 5 in Poison Magic
  5452 | D:6      | Found a shimmering altar of Xom.
  5560 | D:6      | Noticed Grinder
  5576 | D:6      | Paralysed by Grinder for 2 turns
  5593 | D:6      | Killed Grinder
  5594 | D:6      | Reached XP level 9. HP: 47/60 MP: 0/0
  5594 | D:6      | Learned a level 4 spell: Animate Dead
  5937 | D:6      | Reached skill level 5 in Dodging
  6827 | D:7      | Noticed Jeremiah
  7186 | D:7      | Killed Jeremiah
  7405 | D:7      | Reached skill level 5 in Invocations
  7485 | D:7      | Found a bloodstained altar of Trog.
  7564 | D:7      | Reached XP level 10. HP: 65/67 MP: 0/0
  7773 | D:7      | Reached *** piety under Makhleb
  8558 | D:8      | Noticed a komodo dragon
  8570 | D:8      | Reached skill level 5 in Short Blades
  8575 | D:8      | Killed a komodo dragon
  8618 | D:8      | Noticed a komodo dragon
  8627 | D:8      | Killed a komodo dragon
  8664 | D:8      | Noticed a komodo dragon
  8668 | D:8      | Noticed a komodo dragon
  8670 | D:8      | Found a staircase to the Lair.
  8671 | D:8      | Killed a komodo dragon
  8676 | D:8      | Killed a komodo dragon
  8921 | D:8      | Reached XP level 11. HP: 56/73 MP: 0/0
  8921 | D:8      | Learned a level 4 spell: Sticky Flame
  9094 | D:9      | Noticed a death knight
  9104 | D:9      | Noticed a phantasmal warrior
  9548 | D:8      | Killed a death knight
  9715 | D:8      | Found a staircase to the Lair.
  9968 | D:9      | Killed a phantasmal warrior
 10390 | D:9      | Noticed psellion's ghost (journeyman FoMo)
 10400 | D:9      | Found a runed translucent door.
 10493 | D:9      | Reached **** piety under Makhleb
 10913 | D:9      | Noticed a two-headed ogre
 10921 | D:9      | Killed a two-headed ogre
 10988 | D:9      | Noticed a green ugly thing
 11017 | D:9      | Noticed an eight-headed hydra
 11017 | D:9      | Noticed a boulder beetle
 11026 | D:9      | Killed a boulder beetle
 11032 | D:9      | Killed an eight-headed hydra
 11033 | D:9      | Reached XP level 12. HP: 78/78 MP: 0/0
 11033 | D:9      | Noticed a tengu warrior
 11050 | D:9      | Killed a tengu warrior
 11055 | D:9      | Noticed a seven-headed hydra
 11061 | D:9      | Noticed a boulder beetle
 11064 | D:9      | Killed a seven-headed hydra
 11132 | D:9      | Killed a boulder beetle
 11138 | D:9      | Identified the +3 scale mail of Dramatic Exits {Harm Int-2
                  | Dex+2 SInv}
 11361 | D:10     | Entered Level 10 of the Dungeon
 11528 | D:10     | Reached skill level 10 in Spellcasting
 11528 | D:10     | Reached skill level 10 in Conjurations
 11528 | D:10     | Reached skill level 10 in Hexes
 11528 | D:10     | Reached skill level 10 in Summonings
 11528 | D:10     | Reached skill level 10 in Necromancy
 11528 | D:10     | Reached skill level 10 in Translocations
 11528 | D:10     | Reached skill level 10 in Transmutations
 11528 | D:10     | Reached skill level 10 in Fire Magic
 11528 | D:10     | Reached skill level 10 in Ice Magic
 11528 | D:10     | Reached skill level 10 in Air Magic
 11528 | D:10     | Reached skill level 10 in Earth Magic
 11528 | D:10     | Reached skill level 10 in Poison Magic
 12020 | D:11     | Reached skill level 5 in Fighting
 12203 | D:11     | Identified the +5 long sword of Abuse {pain, Dex+3}
 12290 | D:11     | Noticed a centaur warrior
 12302 | D:11     | Killed a centaur warrior
 12342 | D:11     | Reached ***** piety under Makhleb
 12393 | D:11     | Noticed Harold
 12462 | D:11     | Killed Harold
 12962 | Lair:1   | Entered Level 1 of the Lair of Beasts
 13021 | Lair:1   | Reached XP level 13. HP: 57/87 MP: 0/0
 13021 | Lair:1   | Learned a level 5 spell: Arcjolt
 13112 | Lair:1   | Reached skill level 10 in Stealth
 13633 | Lair:1   | Noticed Maggie
 13640 | Lair:1   | Killed Maggie
 14066 | Lair:2   | You are sucked into a shaft and drop 1 floor!
 14565 | Lair:2   | Found a runed translucent door.
 14567 | Lair:2   | Found a shimmering altar of Xom.
 14567 | Lair:2   | Noticed Pi314's ghost (journeyman DrVM)
 14569 | Lair:2   | Identified the +8 quarterstaff of Accord {chaos, Fragile
                  | rN+++ rCorr Stlth+}
 14603 | Lair:2   | Noticed a seven-headed hydra
 14669 | Lair:2   | Noticed Amaemon
 14769 | Lair:2   | Killed Amaemon
 14796 | Lair:2   | Killed a seven-headed hydra
 15453 | Lair:3   | Found a hole to the Spider Nest.
 15470 | Lair:3   | Reached XP level 14. HP: 90/97 MP: 0/0
 15642 | Lair:3   | Found a staircase to the Shoals.
 15699 | Lair:3   | Reached ****** piety under Makhleb
 16181 | Lair:4   | Reached skill level 10 in Dodging
 16666 | Lair:4   | Identified the amulet of Foolhardiness {Reflect Contam Fly
                  | Will+++ Regen+ SH+5}
 17000 | Lair:5   | Entered Level 5 of the Lair of Beasts
 17304 | Lair:5   | Found a staircase to the Slime Pits.
 17306 | Lair:5   | Found a viscous altar of Jiyva.
 17757 | Lair:5   | Reached skill level 10 in Fighting
 18166 | Lair:5   | Reached XP level 15. HP: 107/107 MP: 0/0
 18166 | Lair:5   | Learned a level 6 spell: Eringya's Noxious Bog
 19373 | D:12     | Found a staircase to the Orcish Mines.
 20239 | D:13     | Found a runed translucent door.
 20251 | D:13     | Noticed a tengu reaver
 20253 | D:13     | Identified the +5 dagger "Killer Bee's Doom" {flame, *Slow
                  | rN+ Str+3 Stlth+}
 20256 | D:13     | Found a runed translucent door.
 20264 | D:13     | Killed a tengu reaver
 20288 | D:13     | Noticed a frost giant
 20288 | D:13     | Noticed a frost giant
 20288 | D:13     | Noticed a tengu reaver
 20299 | D:13     | Killed a frost giant
 20300 | D:13     | Killed a tengu reaver
 20302 | D:13     | Killed a frost giant
 20303 | D:13     | Reached XP level 16. HP: 76/113 MP: 0/0
 20317 | D:13     | Identified the +5 arbalest of Dim Light {flame, rElec rC-
                  | Dex+3 SInv}
 20970 | D:14     | Found a sparkling altar of Nemelex Xobeh.
 21381 | D:14     | Reached skill level 15 in Spellcasting
 21381 | D:14     | Reached skill level 15 in Conjurations
 21381 | D:14     | Reached skill level 15 in Hexes
 21381 | D:14     | Reached skill level 15 in Summonings
 21381 | D:14     | Reached skill level 15 in Necromancy
 21381 | D:14     | Reached skill level 15 in Translocations
 21381 | D:14     | Reached skill level 15 in Transmutations
 21381 | D:14     | Reached skill level 15 in Fire Magic
 21381 | D:14     | Reached skill level 15 in Ice Magic
 21381 | D:14     | Reached skill level 15 in Air Magic
 21381 | D:14     | Reached skill level 15 in Earth Magic
 21381 | D:14     | Reached skill level 15 in Poison Magic
 21943 | D:14     | Found a gate to the Vaults.
 22583 | D:15     | Entered Level 15 of the Dungeon
 22614 | D:15     | Found a gate leading to a gauntlet.
 22623 | Gauntlet | Entered a Gauntlet
 22623 | Gauntlet | Found a transporter.
 22623 | Gauntlet | Found a transporter.
 22624 | Gauntlet | Found a transporter.
 22627 | Gauntlet | Found a transporter.
 22627 | Gauntlet | Found a transporter.
 22629 | Gauntlet | Found a large runed translucent door.
 22629 | Gauntlet | Found a transporter.
 22630 | Gauntlet | Found a large runed translucent door.
 22631 | Gauntlet | Found a large runed translucent door.
 22631 | Gauntlet | Found a large runed translucent door.
 22631 | Gauntlet | Found a runed translucent door.
 22631 | Gauntlet | Found a runed translucent door.
 22632 | Gauntlet | Found a large runed translucent door.
 22633 | Gauntlet | Found a large runed translucent door.
 22634 | Gauntlet | Found a large runed translucent door.
 22634 | Gauntlet | Found a large runed translucent door.
 22635 | Gauntlet | Found a runed translucent gate.
 22635 | Gauntlet | Found a runed translucent gate.
 22635 | Gauntlet | Found a runed translucent gate.
 22637 | Gauntlet | Found a transporter.
 22637 | Gauntlet | Found the +4 robe of Folly {Brill Will-∞ Int+8}
 22641 | Gauntlet | Found a transporter.
 22653 | Gauntlet | Found a transporter.
 22662 | Gauntlet | Found a transporter.
 22681 | Gauntlet | Found a transporter.
 22685 | Gauntlet | Found a transporter.
 22749 | Gauntlet | Found a large runed translucent door.
 22750 | Gauntlet | Found a large runed translucent door.
 22751 | Gauntlet | Found a large runed translucent door.
 22751 | Gauntlet | Found a large runed translucent door.
 22752 | Gauntlet | Found a large runed translucent door.
 22753 | Gauntlet | Found a large runed translucent door.
 22754 | Gauntlet | Found a large runed translucent door.
 22754 | Gauntlet | Found a large runed translucent door.
 22771 | Gauntlet | Found the macabre finger necklace {Finger+ rN+}
 22781 | Gauntlet | Identified a scroll of acquirement
 22781 | Gauntlet | Acquired 1081 gold pieces
 23665 | D:15     | Found a staircase to the Depths.
 23769 | D:15     | Reached XP level 17. HP: 119/119 MP: 0/0
 23769 | D:15     | Learned a level 7 spell: Ozocubu's Refrigeration
 24067 | D:15     | Reached skill level 10 in Short Blades
 24256 | Orc:1    | Entered Level 1 of the Orcish Mines
 24496 | Orc:2    | Entered Level 2 of the Orcish Mines
 24496 | Orc:2    | Noticed Josephine
 24496 | Orc:2    | Found a staircase to the Elven Halls.
 24497 | Orc:2    | Noticed Nessos
 24506 | Orc:1    | Killed Josephine
 24658 | Orc:2    | Killed Nessos
 24887 | Orc:2    | Found Qool's Distillery.
 24887 | Orc:2    | Found Dapobin's General Store.
 24889 | Orc:2    | Found Ocux's Weapon Shoppe.
 24889 | Orc:2    | Found Vavoozetz's Distillery.
 24909 | Orc:2    | Bought a potion of heal wounds for 50 gold pieces
 24909 | Orc:2    | Bought 2 potions of haste for 200 gold pieces
 24909 | Orc:2    | Bought a potion of haste for 100 gold pieces
 24964 | Orc:2    | Bought a scroll of fear for 68 gold pieces
 25572 | Shoals:1 | Entered Level 1 of the Shoals
 25690 | Shoals:1 | Found Pusetei's Armour Boutique.
 25793 | Shoals:1 | Found Juresm's General Store.
 25817 | Shoals:1 | Found Sane's Distillery.
 25843 | Shoals:1 | Bought 2 potions of heal wounds for 120 gold pieces
 25843 | Shoals:1 | Bought a potion of haste for 120 gold pieces
 25878 | Shoals:1 | Found Runoydgh's Assorted Antiques.
 25881 | Shoals:1 | Bought a warped jade ring for 190 gold pieces
 25881 | Shoals:1 | Identified the ring "Refaetia" {rF+ EV+5 Int+3 Dex-2} (You
                  | bought it in a shop on level 1 of the Shoals)
 25881 | Shoals:1 | Bought a fizzy inky potion for 34 gold pieces
 26057 | Shoals:1 | Noticed a kraken
 26060 | Shoals:1 | Killed a kraken
 26213 | Shoals:1 | Noticed a kraken
 26220 | Shoals:1 | Killed a kraken
 26259 | Shoals:1 | Noticed a kraken
 26268 | Shoals:1 | Killed a kraken
 26438 | Shoals:1 | Identified the ring "Fitoar" {Ice Stlth+}
 26601 | Shoals:1 | Noticed a tentacled monstrosity
 26967 | Shoals:1 | Killed a tentacled monstrosity
 27065 | Shoals:2 | Reached XP level 18. HP: 79/128 MP: 0/0
 27391 | Shoals:2 | Noticed a kraken
 27402 | Shoals:2 | Killed a kraken
 27978 | Shoals:3 | Noticed a kraken
 27987 | Shoals:3 | Killed a kraken
 28180 | Shoals:3 | Noticed Mlioglotl
 28196 | Shoals:3 | Killed Mlioglotl
 28375 | Shoals:3 | Identified the +9 mace of Xeilabro {flame, rPois Int+3}
 28659 | Shoals:4 | Entered Level 4 of the Shoals
 28882 | Shoals:4 | Noticed a sphinx
 28885 | Shoals:4 | Killed a sphinx
 29092 | Shoals:4 | Reached XP level 19. HP: 88/135 MP: 0/0
 29092 | Shoals:4 | Learned a level 6 spell: Simulacrum
 29131 | Shoals:4 | Got a barnacled rune of Zot
 30029 | Elf:1    | Entered Level 1 of the Elven Halls
 30041 | Elf:1    | Paralysed by an air elemental for 1 turns
 30282 | Elf:1    | Found Zeyrotaw's Antique Weapon Emporium.
 30367 | Elf:1    | Found Toacuuga's Antique Weapon Shop.
 30944 | Elf:1    | Found Fuoloamm's General Store.
 31401 | Spider:1 | Entered Level 1 of the Spider Nest
 31913 | Spider:1 | Reached XP level 20. HP: 140/141 MP: 0/0
 32271 | Spider:1 | Found a hide-covered altar of Uskayaw.
 34139 | Spider:3 | Noticed Arachne
 34147 | Spider:3 | Killed Arachne
 34332 | Spider:4 | Entered Level 4 of the Spider Nest
 34487 | Spider:4 | Noticed Aizul
 34492 | Spider:4 | Killed Aizul
 34652 | Spider:4 | Got a gossamer rune of Zot
 34654 | Spider:4 | Identified the +2 barding of Complete Protection {Contam
                  | rF- Dex+7}
 35298 | Vaults:1 | Entered Level 1 of the Vaults
 35372 | Vaults:1 | Acquired the +8 arc blade {discharge, rElec}
 35372 | Vaults:1 | Found the +8 arc blade {discharge, rElec}
 35402 | Vaults:1 | Reached XP level 21. HP: 147/147 MP: 0/0
 35402 | Vaults:1 | Learned a level 7 spell: Malign Gateway
 35521 | Vaults:1 | Found Fokhutil's Armour Boutique.
 35640 | Abyss:3  | Cast into level 3 of the Abyss (a wizard)
 35693 | Vaults:1 | Escaped the Abyss
 35809 | Vaults:1 | Identified the +3 flail "Wauff" {heavy, rF+ MP+9}
 36299 | Vaults:1 | You are sucked into a shaft and drop 1 floor!
 36631 | Vaults:2 | Identified the +8 hand axe "Aries" {freeze, rF+}
 36734 | Vaults:2 | Reached skill level 10 in Invocations
 37300 | Vaults:2 | Reached skill level 15 in Dodging
 37512 | Vaults:3 | Reached XP level 22. HP: 98/158 MP: 0/0
 37919 | Vaults:3 | Reached skill level 15 in Fighting
 38974 | Vaults:3 | Found a staircase to the Crypt.
 39693 | Vaults:4 | Reached XP level 23. HP: 154/166 MP: 0/0
 39693 | Vaults:4 | Learned a level 8 spell: Maxwell's Capacitive Coupling
 39986 | Vaults:4 | Found Bocsim's Book Shoppe.
 40687 | Elf:2    | Found Peunnes's Weapon Boutique.
 41475 | Elf:2    | Found a runed translucent gate.
 41476 | Elf:2    | Found a runed translucent gate.
 41476 | Elf:2    | Found a runed translucent gate.
 41521 | Elf:3    | Entered Level 3 of the Elven Halls
 42013 | Elf:3    | Identified the +0 robe of Lianiup {rPois rC- Int+4
                  | Archmagi}
 42022 | Elf:3    | Identified the +0 plate armour "Vyezxocau" {rElec SInv}
 42032 | Elf:3    | Identified the +3 cloak "Zukkuan" {Int+3 Dex+3}
 42059 | Elf:3    | Identified the +3 flail of Cebbupn {speed, Int+2}
 42102 | Elf:3    | Identified the +4 quarterstaff "Tacyugia" {protect, rElec
                  | rPois rN+}
 42140 | Elf:3    | Identified the +1 scale mail of the Sailor {Fly rCorr MP+9}
 42329 | Elf:3    | Found Muttisi's Armour Boutique.
 43167 | Depths:1 | Entered Level 1 of the Depths
 43349 | Depths:1 | Reached XP level 24. HP: 173/173 MP: 0/0
 43465 | Depths:1 | Noticed Norris
 43472 | Depths:1 | Killed Norris
 43850 | Depths:1 | Found a gateway to Hell.
 44204 | Depths:1 | Found the +16 obsidian axe {drain, demonic, Mesm Drain Fly
                  | SInv}
 44267 | Depths:1 | Found a one-way gate leading to the halls of Pandemonium.
 44892 | Depths:1 | Found a snail-covered altar of Cheibriados.
 45173 | Depths:2 | Reached XP level 25. HP: 175/178 MP: 0/0
 45173 | Depths:2 | Learned a level 9 spell: Dragon's Call
 45192 | Depths:2 | Found Big Baal Hell's Store.
 45235 | Depths:2 | Noticed Grunn
 45245 | Depths:2 | Killed Grunn
 45533 | Elf:1    | Bought a glimmering rapier for 288 gold pieces
 45533 | Elf:1    | Identified the +4 rapier "Vuenn" {venom, rElec Int-2
                  | Stlth+} (You bought it in a shop on level 1 of the Elven
                  | Halls)
 45961 | Depths:2 | Found a runed translucent door.
 45963 | Depths:2 | Identified the +6 mace of Putrescence {freeze, rC+}
 45963 | Depths:2 | Noticed a juggernaut
 45988 | Depths:2 | Killed a juggernaut
 46033 | Depths:2 | Identified the staff of Magnificence {rN+ Dex+3 Stlth+
                  | Necro}
 46036 | Depths:2 | Identified the +3 flail "Akiklall" {freeze, Fly}
 46409 | Depths:2 | Bought the +0 pair of gloves of Itithixt {rC+, +Inv rF-
                  | Str+3 Int+3} for 1920 gold pieces
 46658 | Depths:3 | Found a one-way gateway to a ziggurat.
 46716 | Depths:3 | Identified the +1 short sword of Radicalism {antimagic,
                  | rF+}
 46740 | Depths:3 | Noticed a juggernaut
 46777 | Depths:3 | Noticed a juggernaut
 46877 | Depths:3 | Killed a juggernaut
 47145 | Depths:3 | Found a runed translucent door.
 47145 | Depths:3 | Found a shimmering altar of Xom.
 47145 | Depths:3 | Identified the +5 halberd "Hulk" {chaos, rElec rN+ Str+5
                  | Dex+2 Stlth-}
 47146 | Depths:3 | Noticed Syrassil's ghost (adept DrGl)
 47159 | Depths:3 | Found a glowing golden altar of the Shining One.
 47164 | Depths:3 | Found a burning altar of Makhleb.
 47260 | Depths:3 | Killed a juggernaut
 47652 | Depths:3 | Noticed Louise
 47666 | Depths:3 | Killed Louise
 47728 | Depths:3 | Found a one-way gate to the infinite horrors of the Abyss.
 47994 | Depths:3 | Identified the +0 sling "Sor Yla" {drain, Dex+3}
 48140 | Depths:4 | Entered Level 4 of the Depths
 48144 | Depths:4 | Reached XP level 26. HP: 182/184 MP: 0/0
 48644 | Depths:4 | Found a gate to the Realm of Zot.
 48721 | Depths:4 | Reached skill level 27 in Summonings
 50008 | Depths:4 | Found a gate to the Realm of Zot.
 50637 | Slime:1  | Entered Level 1 of the Pits of Slime
 51091 | Slime:2  | Gained mutation: You sometimes lose your temper in combat.
                  | [a shining eye]
 51291 | Slime:5  | Entered Level 5 of the Pits of Slime
 51542 | Slime:5  | Noticed the Royal Jelly
 51576 | Slime:5  | Killed the Royal Jelly
 51607 | Slime:5  | Identified the +0 rapier of the Rat {flame, Contam rElec
                  | Int+4}
 51677 | Slime:5  | Identified the +1 quarterstaff of Deformation {drain, rN+
                  | Str+5 Stlth+}
 51679 | Slime:5  | Identified the +10 great mace of the Onslaught {vamp, Str+2
                  | Int+2}
 51696 | Slime:5  | Identified the +2 short sword "Xalycupn" {drain, Drain
                  | rN+++ Int-5 SInv}
 51764 | Slime:5  | Identified the orb "Estromoso" {*channel, rPois Dex-5
                  | Slay+5}
 51780 | Slime:5  | Got a slimy rune of Zot
 52250 | Slime:5  | Lost mutation: You sometimes lose your temper in combat.
                  | [potion of mutation]
 52250 | Slime:5  | Gained mutation: You are covered in fur. (AC +1) [potion of
                  | mutation]
 52250 | Slime:5  | Gained mutation: You have a pair of small antennae on your
                  | head. [potion of mutation]
 52250 | Slime:5  | Gained mutation: You are partially covered in large bone
                  | plates. (SH +4) [potion of mutation]
 52251 | Slime:5  | Lost mutation: You are covered in fur. (AC +1) [potion of
                  | mutation]
 52251 | Slime:5  | Lost mutation: You have a pair of small antennae on your
                  | head. [potion of mutation]
 52251 | Slime:5  | Gained mutation: Your movements are slightly less
                  | encumbered by armour. (ER -2) [potion of mutation]
 52790 | Zot:1    | Entered Level 1 of the Realm of Zot
 53457 | Zot:1    | Reached XP level 27. HP: 156/190 MP: 0/0
 53457 | Zot:1    | Learned a level 9 spell: Chain Lightning
 55036 | Zot:2    | Identified the +1 cloak "Poumukid" {Dex+3}
 55037 | Zot:2    | Found a transporter.
 55038 | Zot:2    | Identified the +0 cloak of a treasure trove {rElec rPois}
 55038 | Zot:2    | Noticed Sofait's ghost (legendary GnFE)
 55040 | Zot:2    | Found a bloodstained altar of Trog.
 55055 | Zot:2    | Reached skill level 27 in Spellcasting
 55055 | Zot:2    | Reached skill level 27 in Conjurations
 55055 | Zot:2    | Reached skill level 27 in Hexes
 55055 | Zot:2    | Reached skill level 27 in Necromancy
 55055 | Zot:2    | Reached skill level 27 in Translocations
 55055 | Zot:2    | Reached skill level 27 in Transmutations
 55055 | Zot:2    | Reached skill level 27 in Fire Magic
 55055 | Zot:2    | Reached skill level 27 in Ice Magic
 55055 | Zot:2    | Reached skill level 27 in Air Magic
 55055 | Zot:2    | Reached skill level 27 in Earth Magic
 55055 | Zot:2    | Reached skill level 27 in Poison Magic
 55274 | Zot:2    | Found a transporter.
 55312 | Zot:2    | Identified the +8 orcbow of Cinir {drain, rC++ Int+3 Dex+4}
 56500 | Zot:3    | You are sucked into a shaft and drop 1 floor!
 56504 | Zot:4    | Acquired 603 gold pieces
 56793 | Zot:4    | Noticed an orb of fire
 56797 | Zot:4    | Killed an orb of fire
 58047 | Zot:5    | Entered Level 5 of the Realm of Zot
 58417 | Zot:5    | Noticed an ancient lich
 58419 | Zot:5    | Killed an ancient lich
 58563 | Zot:5    | Noticed an orb of fire
 58568 | Zot:5    | Killed an orb of fire
 58671 | Zot:5    | Noticed an ancient lich
 58673 | Zot:5    | Killed an ancient lich
 58673 | Zot:5    | Noticed an orb of fire
 58677 | Zot:5    | Killed an orb of fire
 58679 | Zot:5    | Noticed an orb of fire
 58679 | Zot:5    | Gained mutation: You occasionally shout uncontrollably at
                  | your foes. [an orb of fire]
 58683 | Zot:5    | Killed an orb of fire
 58767 | Zot:5    | Noticed a Killer Klown
 58770 | Zot:5    | Killed a Killer Klown
 58776 | Zot:5    | Noticed an ancient lich
 58780 | Zot:5    | Killed an ancient lich
 58780 | Zot:5    | Noticed a Killer Klown
 58788 | Zot:5    | Killed a Killer Klown
 58848 | Zot:5    | Noticed an orb of fire
 58852 | Zot:5    | Killed an orb of fire
 58935 | Zot:5    | Noticed an orb of fire
 58939 | Zot:5    | Killed an orb of fire
 59157 | Zot:5    | Noticed a Killer Klown
 59173 | Zot:5    | Killed a Killer Klown
 59251 | Zot:5    | Noticed an ancient lich
 59254 | Zot:5    | Killed an ancient lich
 59310 | Zot:5    | Noticed a Killer Klown
 59312 | Zot:5    | Killed a Killer Klown
 59440 | Zot:5    | Noticed an orb of fire
 59448 | Zot:5    | Killed an orb of fire
 59643 | Zot:5    | Noticed an orb of fire
 59650 | Zot:5    | Killed an orb of fire
 59994 | Zot:5    | Got the Orb of Zot
 60769 | D:1      | gg
 60770 | D:$      | Escaped with the Orb!

Illustrated notes

#.. #.. #.. #.. ######## #####
#.. .##....# #...# #..
.#.....#####.>.#### #######..
.#................# #.....#..
.#....##........@.# #.....#..
....#.............#### #.....#..
.##################..####........
.# #........####............# .#
#...........######.....#.. .#
######.#.##....###..†..#..
.###### #.##...#####...#.......#
..#...## P..#.#.##............#.#
.......##P..#.#...#####.#####...#


Turn 60769 on D:1: gg

Levels and vault maps discovered:
D:1:      amcnicky_arrival_blooded_trapdoor, layout_rooms, serial_aquarium,
          aquarium_bridge_square [aquarium_subvault_bridge,
          aquarium_subvault_wall, aquarium_subvault_bridge,
          aquarium_subvault_wall], aquarium_window_fake, aquarium_window_fake,
          aquarium_view_2d, aquarium_balcony_5b,
          hellmonk_ecumenical_altar_run_dry
D:2:      layout_basic, basic_altar
D:3:      layout_basic, nicolae_overflow_hidden_temple, minmay_misc_feat_cross,
          minmay_crystal_room, minivault_5, minmay_strange_pillars
D:4:      minmay_evil_eye, layout_loops_ring
D:5:      lemuel_ratsnest, layout_basic, minmay_temple_entry_grid, serial_shops,
          nicolae_book_shop_shelving, guppyfry_early_lair_pool
D:6:      layout_gridville, xom_confusion_cloud,
          nicolae_ru_the_path_less_chosen, chequers_mini_garden, uniq_grinder
D:7:      layout_basic, mainiacjoe_overflow_small_starburst, uniq_jeremiah
D:8:      layout_rooms, erik_lair_dragon
D:9:      minmay_the_grid_triangle_9x9_rhombus_thin
          [minmay_the_grid_triangle_9x9_swiss_cheese,
          minmay_the_grid_triangle_9x9_prize_top_heavy,
          minmay_the_grid_triangle_9x9_cache,
          minmay_the_grid_triangle_9x9_thin_v], layout_basic,
          hellmonk_ghost_big_iron
D:10:     layout_cross
D:11:     layout_long_grid, uniq_harold
D:12:     layout_loops_corners, kennysheep_orc_monster_closet_entryway
D:13:     minmay_expanding_circles, layout_long_grid
D:14:     dreamdust_isle_of_ice, layout_basic,
          hangedman_vaults_entry_quadrant_bands, lemuel_tele_altar
D:15:     grunt_enter_depths_magical_seal, layout_basic,
          minmay_misc_feat_more_columns, gauntlet_entry_generic,
          wad_floor_pattern_2
Lair:1:   layout_regular_city, st_stairs_3, serial_bayou_shore_a,
          lemuel_fruit_tree, grunt_megastairs_2, uniq_maggie
Lair:2:   layout_chaotic_city, ebering_ghost_xom, forest_entry_grove,
          uniq_amaemon
Lair:3:   layout_layer_cave, minmay_shoals_entry_lonely_mermaid,
          spider_nest_entry_funnel_web, chequers_serial_rivers_large_a,
          nicolae_lair_run_with_the_wolves, infiniplex_staircase_pool_2
Lair:4:   layout_cave_pods, worms_lemuel
Lair:5:   minmay_lair_end_enchanted_forest, layout_gridlike,
          minmay_slime_entry_jelly_boxes, roderic_batcave, grunt_megastairs_5
Shoals:1: dreamdust_from_the_deep, layout_shoals, serial_shops, shop,
          nicolae_take_the_stairs, shop, shop, nicolae_shop_window_shopping
Shoals:2: layout_shoals, centaur_isle
Shoals:3: layout_shoals, uniq_mlioglotl
Shoals:4: shoals_end_hellmonk_lost_city
Spider:1: layout_chambers, nicolae_spider_altar_of_dancing
Spider:2: layout_cave_pods, nicolae_spider_twisty_arc_passages
Spider:3: layout_spider_delve, uniq_arachne
Spider:4: grunt_spider_rune_parallel, nicolae_crawler_farm, uniq_aizul
Slime:1:  layout_caves, cheibrodos_slime_lost_civilization_6
Slime:2:  layout_caves
Slime:3:  cheibrodos_slime_lost_civilization_9, layout_caves,
          nicolae_slime_getting_an_eyeful, uniq_dissolution
Slime:4:  layout_caves
Slime:5:  slime_pit_nicolae_inversion
Orc:1:    layout_caves
Orc:2:    grunt_orc_tribal_feast, layout_diamond_mine, uniq_josephine,
          uniq_nessos
Elf:1:    layout_geoelf_grid, special_room [special_room_orc], serial_shops,
          shop, shop, shop, minmay_elf_sorcery, uniq_louise
Elf:2:    nicolae_elf_blades_crystal_corner, layout_onion_city, serial_shops,
          nicolae_shop_bloodbath_and_beyond
Elf:3:    minmay_elf_hall, layout_geoelf_castle, serial_shops,
          nicolae_shop_rolling_square
Vaults:1: v_misc_30, nicolae_vaults_network_periphery, v_misc_5,
          nicolae_vaults_taking_the_gang_shopping, nicolae_vaults_cochlea,
          nicolae_vaults_little_squares_5, layout_vaults_omnigrid
Vaults:2: hangedman_vaults_corner, v_misc_12, nicolae_vaults_prndl, v_misc_2,
          nicolae_vaults_tetromino_T_2, nicolae_vaults_theta, v_rooms_3,
          nicolae_vaults_more_shelving_2, nicolae_vaults_diamond_2,
          layout_vaults_ring
Vaults:3: vaults_mumra_lcd, nicolae_vaults_arrows, nicolae_vaults_wrenched,
          v_misc_27, nicolae_vaults_stairing_the_circle,
          nicolae_vaults_what_the_h, nicolae_vaults_offset_grid_hallway_1,
          nicolae_vaults_specimen_jars, vaults_mumra_hex,
          minmay_crypt_entry_simple_statues, nicolae_vaults_big_angled_halls,
          nicolae_vaults_murder_corner, layout_vaults_omnibox
Vaults:4: nicolae_vaults_network_star, st_lattice, ontoclasm_vaults_ring_square,
          vaults_room_semicircle, nicolae_vaults_theta,
          nicolae_vaults_doubleplus_tesselated, hangedman_vaults_hat,
          nicolae_vaults_stepped_doors, nicolae_vaults_tetromino_T_1,
          nicolae_vaults_yaktaur_gun_rack, layout_vaults_big_room, serial_shops,
          shop
Depths:1: pf_snail_temple, layout_cave_shapes, grunt_pan_entry_in_and_out,
          hangedman_tar_grid_catacomb, minmay_shattered_shrine, uniq_norris
Depths:2: minmay_gate_of_8, layout_cave_shapes,
          nicolae_hell_entry_big_baal_hell, rand_demon_pan_entry_7,
          serial_bayou_pond_a, nicolae_keep_em_comin, infiniplex_staircase_star,
          uniq_grunn
Depths:3: nicolae_fronds_of_death, layout_cave_shapes, enter_ziggurat_d,
          nicolae_abyss_entry_one_way_or_another, lightli_too_deep,
          ebering_ghost_xom, nicolae_the_louvre, nzn_life_drinkers
Depths:4: evilmike_zot_entry_round, layout_basic, serial_bayou_ford_a,
          pf_coc_iceberg
Zot:1:    layout_concentric_octagons, grunt_megastairs_1, uniq_josephina
Zot:2:    layout_cathedral_of_symmetry, gammafunk_ghost_wrathful_warriors
Zot:3:    infiniplex_zot_generator, layout_onion_interference
Zot:4:    layout_concentric_octagons
Zot:5:    layout_cathedral_of_symmetry

Skill      XL: |  1  2  3  4  5  6  7  8  9 10 11 12 13 14 15 16 17 18 19 20 21 22 23 24 25 26 27 |
---------------+----------------------------------------------------------------------------------+-----
Short Blades   | 1 2 3 4 6 7 8 9 10 | 10.0
Spellcasting   | 3 4 6 8 10 11 14 15 16 18 19 20 21 22 23 25 26 27 | 27.0
Conjurations   | 3 4 6 8 10 11 14 15 16 18 19 20 21 22 23 25 26 27 | 27.0
Hexes          | 3 4 6 8 10 11 14 15 16 18 19 20 21 22 23 25 26 27 | 27.0
Summonings     | 3 4 6 8 10 11 14 15 16 18 19 20 21 22 23 26 27 | 27.0
Necromancy     | 3 4 6 8 10 11 14 15 16 18 19 20 21 22 23 25 26 27 | 27.0
Translocations | 3 4 6 8 10 11 14 15 16 18 19 20 21 22 23 25 26 27 | 27.0
Transmutations | 3 4 6 8 10 11 14 15 16 18 19 20 21 22 23 25 26 27 | 27.0
Fire Magic     | 3 4 6 8 10 11 14 15 16 18 19 20 21 22 23 25 26 27 | 27.0
Ice Magic      | 3 4 6 8 10 11 14 15 16 18 19 20 21 22 23 25 26 27 | 27.0
Air Magic      | 3 4 6 8 10 11 14 15 16 18 19 20 21 22 23 25 26 27 | 27.0
Earth Magic    | 3 4 6 8 10 11 14 15 16 18 19 20 21 22 23 25 26 27 | 27.0
Poison Magic   | 3 4 6 8 10 11 14 15 16 18 19 20 21 22 23 25 26 27 | 27.0
Fighting       | 1 2 3 4 6 7 10 11 12 14 15 23 | 23.8
Stealth        | 3 4 5 6 8 9 10 11 12 | 12.0
Dodging        | 3 4 6 8 9 11 12 14 15 | 15.0
Invocations    | 5 6 9 10 12 | 12.0

Action                     |  1- 3 |  4- 6 |  7- 9 | 10-12 | 13-15 | 16-18 | 19-21 | 22-24 | 25-27 || total
---------------------------+-------+-------+-------+-------+-------+-------+-------+-------+-------++-------
  Melee: Dagger            |    93 |   138 |   326 |   705 |   635 |   386 |    66 |       |       ||  2349
         Punch             |       |     2 |     3 |       |       |       |       |       |       ||     5
         Rapier            |       |       |       |       |       |     5 |    11 |   100 |    30 ||   146
         Unarmed           |       |       |       |       |       |     1 |       |       |       ||     1
         Staff             |       |       |       |       |       |       |       |       |     1 ||     1
   Cast: Ensorcelled Hiber |    20 |    22 |    70 |    86 |   172 |    88 |    17 |     5 |     5 ||   485
         Freeze            |       |     2 |     3 |     3 |     3 |       |       |       |       ||    11
         Confusing Touch   |       |     1 |    11 |    23 |    20 |    15 |     2 |       |       ||    72
         Momentum Strike   |       |       |     1 |       |       |       |     1 |       |       ||     2
         Dazzling Flash    |       |       |     2 |    23 |    13 |     2 |       |       |       ||    40
         Tukima's Dance    |       |       |     1 |     7 |     1 |       |       |       |       ||     9
         Sticky Flame      |       |       |       |     7 |     4 |     1 |     3 |       |       ||    15
         Arcjolt           |       |       |       |       |    63 |    92 |    28 |    40 |    11 ||   234
         Eringya's Noxious |       |       |       |       |       |     6 |     2 |     6 |     3 ||    17
         Ozocubu's Refrige |       |       |       |       |       |   325 |   509 |   597 |   380 ||  1811
         Simulacrum        |       |       |       |       |       |       |    23 |     5 |       ||    28
         Malign Gateway    |       |       |       |       |       |       |     1 |     2 |     1 ||     4
         Maxwell's Capacit |       |       |       |       |       |       |       |    16 |    28 ||    44
         Dragon's Call     |       |       |       |       |       |       |       |       |     8 ||     8
         Chain Lightning   |       |       |       |       |       |       |       |       |   231 ||   231
 Invoke: Lesser Servant of |       |       |       |     2 |     2 |     2 |     4 |       |       ||    10
         Minor Destruction |       |       |       |     1 |     2 |       |       |       |       ||     3
         Major Destruction |       |       |       |       |       |     2 |       |     3 |       ||     5
  Evoke: Wand              |       |       |       |     4 |       |     1 |     3 |       |     1 ||     9
    Use: Potion            |     1 |       |     4 |     2 |       |     2 |     1 |     2 |    13 ||    25
         Scroll            |       |     2 |     6 |     6 |    10 |    11 |     6 |     4 |    14 ||    59
   Stab: Sleeping          |    17 |    25 |    46 |    73 |   153 |    65 |    18 |     5 |     3 ||   405
         Invisible         |       |       |     2 |    18 |     3 |     1 |       |       |       ||    24
         Confused          |       |       |    11 |    28 |    26 |    20 |     3 |       |       ||    88
         Distracted        |       |       |     1 |       |     2 |       |       |       |     1 ||     4
 Armour: Robe              |    42 |    70 |   166 |   135 |       |       |    36 |    29 |   293 ||   771
         Skin              |       |       |    24 |       |       |       |       |       |       ||    24
         Troll leather arm |       |       |       |   233 |   280 |   211 |    77 |   198 |       ||   999
  Dodge: Dodged            |    68 |   113 |   185 |   621 |   582 |   366 |   155 |   254 |   167 ||  2511
  Block: Orb               |       |       |       |       |    85 |    88 |    20 |    57 |    32 ||   282
         Reflection        |       |       |       |       |     2 |     8 |     2 |     9 |     2 ||    23
         Other             |       |       |       |       |       |     1 |       |       |       ||     1

Table legend: (Time is in decaauts)
 A = Elapsed time spent in this place.
 B = Non-inter-level travel time spent in this place.
 C = Inter-level travel time spent in this place.
 D = Time resting spent in this place.
 E = Time spent auto-exploring this place.
 F = Levels seen in this place.
 G = Mean time per level.
                   A        B        C        D        E       F      G
               +--------+--------+--------+--------+--------+-----+--------+
         Total |  60099 |  52333 |   7766 |  10037 |  28876 |  53 | 1133.9 |
       Dungeon |  21117 |  17077 |   4040 |   3465 |   8746 |  15 | 1407.8 |
          Lair |   6169 |   5185 |    984 |    455 |   3286 |   5 | 1233.8 |
        Shoals |   4100 |   3879 |    221 |    764 |   2137 |   4 | 1025.0 |
   Spider Nest |   3120 |   2847 |    273 |    113 |   2091 |   4 |  780.0 |
    Slime Pits |   1678 |   1620 |     58 |    501 |    635 |   5 |  335.6 |
  Orcish Mines |   1250 |    981 |    269 |    242 |    510 |   2 |  625.0 |
   Elven Halls |   3620 |   3182 |    438 |    390 |   2030 |   3 | 1206.7 |
        Vaults |   5088 |   4893 |    195 |   1067 |   2894 |   4 | 1272.0 |
        Depths |   7087 |   6268 |    819 |   1345 |   3403 |   4 | 1771.8 |
           Zot |   6491 |   6027 |    464 |   1693 |   3004 |   5 | 1298.2 |
         Abyss |     51 |     51 |      0 |      0 |      0 |   1 |   51.0 |
      Gauntlet |    323 |    323 |      0 |      0 |    140 |   1 |  323.0 |
               +--------+--------+--------+--------+--------+-----+--------+

Top non-repeatable levels by time:
     D:8: 2468 daAuts
    D:14: 2252 daAuts
Depths:4: 2218 daAuts
     D:7: 2001 daAuts
    D:15: 1960 daAuts
Depths:1: 1895 daAuts
   Zot:5: 1750 daAuts
Depths:2: 1739 daAuts
     D:9: 1534 daAuts
Vaults:2: 1506 daAuts
Shoals:1: 1489 daAuts
   Zot:2: 1463 daAuts
   Elf:3: 1440 daAuts
   Elf:1: 1425 daAuts
  Lair:3: 1413 daAuts
